 Dungeon Crawl Stone Soup version 0.27.1-33-g824d729ab1 (webtiles) character file.

Game seed: 14783320203887771716

682 McKennaii the Chiller (level 7, -5/57 HPs)
             Began as a Demigod Ice Elementalist on Dec 2, 2021.
             Shot with an arrow by a centaur (14 damage)
             ... on level 4 of the Dungeon.
             The game lasted 00:12:39 (6447 turns).

McKennaii the Chiller (Demigod Ice Elementalist)    Turns: 6447, Time: 00:12:40

Health: -5/57      AC:  3    Str:  9    XL:     7   Next: 12%
Magic:  13/16      EV: 12    Int: 25    God:
Gold:   155        SH:  0    Dex: 14    Spells: 3/14 levels left

rFire    . . .     SeeInvis .   x - +2 spear (venom)
rCold    . . .     Faith    .   (no shield)
rNeg     . . .     Spirit   .   a - +0 robe
rPois    .         Reflect  .   (no helmet)
rElec    .         Harm     .   b - +0 cloak
rCorr    .         Rampage  .   (no gloves)
Will     .....                  (no boots)
Stlth    ++........             (no amulet)
HPRegen  0.19/turn              (no ring)
MPRegen  0.15/turn              (no ring)

@: freezing walls
A: high mp 1, forlorn
a: no special abilities


You were on level 4 of the Dungeon.
You visited 1 branch of the dungeon, and saw 4 of its levels.

You collected 155 gold pieces.

Inventory:

Hand Weapons
 x - a +2 spear of venom (weapon)
Armour
 a - a +0 robe (worn)
 b - a +0 cloak (worn)
 h - a +2 tower shield
Magical Staves
 w - a staff of death
Jewellery
 c - a ring of fire
Wands
 q - a wand of polymorph (9)
Scrolls
 e - 4 scrolls of identify {unknown}
 f - a scroll of immolation {unknown}
 g - a scroll of summoning {unknown}
 n - a scroll of noise {unknown}
 r - a scroll of acquirement {unknown}
 s - 2 scrolls of teleportation {unknown}
Potions
 d - a potion of invisibility {unknown}
 i - a potion of ambrosia {unknown}
 j - a potion of brilliance {unknown}
 k - 2 potions of flight {unknown}
 l - 3 potions of curing {unknown}
 m - 2 potions of attraction {unknown}
 o - 2 potions of might {unknown}
 p - a potion of lignification {unknown}
 t - a potion of heal wounds {unknown}
 v - a potion of degeneration {unknown}


   Skills:
 - Level 3.0 Fighting
 - Level 0.4 Polearms
 + Level 2.3 Dodging
 + Level 2.7 Stealth
 - Level 0.7 Unarmed Combat
 + Level 4.1 Spellcasting
 + Level 5.5 Ice Magic


You had 3 spell levels left.
You knew the following spells:

 Your Spells              Type           Power      Damage    Failure   Level
a - Freeze                Ice            100%       1d11      1%          1
b - Frozen Ramparts       Ice            66%        1d8       2%          3
c - Ozocubu's Armour      Ice            33%        N/A       2%          3
d - Hailstorm             Conj/Ice       19%        3d6       28%         4

Your spell library contained the following spells:

 Spells                   Type           Power      Damage    Failure   Level
 Sublimation of Blood     Necr           2%         N/A       14%         2
 Wereblood                Tmut           5%         N/A       14%         2
 Call Canine Familiar     Summ           5%         N/A       26%         3
 Portal Projectile        Hex/Tloc       10%        N/A       26%         3
 Leda's Liquefaction      Hex/Erth       2%         N/A       65%         4
 Summon Hydra             Summ           2%         N/A       100%        7


Dungeon Overview and Level Annotations

Branches:
Dungeon (4/15)
 Temple: D:4-7


Innate Abilities, Weirdness & Mutations

Your attributes grow dramatically as you level up.
You have an increased reservoir of magic. (+10% MP)
You shall have no god before yourself.


Message History

You are too injured to fight recklessly!
You are too injured to fight recklessly!
You are too injured to fight recklessly!
You are too injured to fight recklessly!
You are too injured to fight recklessly!
You are too injured to fight recklessly!
You are too injured to fight recklessly!
You are too injured to fight recklessly!
You are too injured to fight recklessly!
You are too injured to fight recklessly!
You are too injured to fight recklessly!
You are too injured to fight recklessly!
You are too injured to fight recklessly!
You are too injured to fight recklessly!
You are too injured to fight recklessly!
You are too injured to fight recklessly!
The centaur shoots an arrow.
The arrow hits you.
The centaur shoots an arrow.
The arrow closely misses you.
The centaur shoots an arrow.
The arrow hits you!
* * * LOW HITPOINT WARNING * * *
The centaur shoots an arrow.
The arrow closely misses you.
There is an open door here.
You close the door.
You start resting.
Something unseen opens the door.
You close the door.
Something unseen opens the door.
Casting: Frozen Ramparts (dangerous; 2% risk of failure)
Confirm with . or Enter, or press ? or * to list all spells.
Casting: Frozen Ramparts (dangerous; 2% risk of failure)
Press: ? - help, Dir - look around, f - activate
Okay, then.
The centaur shoots an arrow.
The arrow hits you!
* * * LOW HITPOINT WARNING * * *
Casting: Frozen Ramparts (dangerous; 2% risk of failure)
Confirm with . or Enter, or press ? or * to list all spells.
Casting: Frozen Ramparts (dangerous; 2% risk of failure)
Press: ? - help, Dir - look around, f - activate The walls around you are covered in ice.
The wall freezes the centaur.
The centaur shoots an arrow.
The arrow hits you!
You die...

#########
#########.......#
#.......#.......#
#.......c....>..#
#.<.....#.......# #.....#
#.......#.......# #.....#
#.......#@...†..# #.....#
#.......#.......# #.....#
#.......#.......# #.....+
#.......#.......# #.....#
#.c.....#.......# #.....#
#.......#.......####.....#
#...##..#####'##..........
#### #..##.....#..........
..#......#....###...


You could see a centaur.

Vanquished Creatures
  A gnoll sergeant (D:4)
  2 howler monkeys (D:4)
  2 hounds (D:4)
  An orc priest (D:3)
  Terence (D:2)
  2 orc wizards (D:4)
  A hound skeleton (D:4)
  21 gnolls (D:4)
  2 adders
  2 worms (D:2)
  2 dart slugs
  25 orcs
  7 endoplasms
  7 giant cockroaches
  5 hobgoblins
  18 jackals
  6 quokkas
  6 ball pythons
  A bat (D:1)
  2 frilled lizards
  5 goblins
  6 kobolds
  4 rats
129 creatures vanquished.

Vanquished Creatures (others)
  A plant (D:4)
1 creature vanquished.

Grand Total: 130 creatures vanquished

Notes
Turn   | Place    | Note
-------+----------+-------------------------------------------
     0 | D:1      | McKennaii the Demigod Ice Elementalist began the quest for
                  | the Orb.
     0 | D:1      | Reached XP level 1. HP: 14/14 MP: 5/5
   779 | D:1      | Reached XP level 2. HP: 20/20 MP: 1/7
  1328 | D:2      | Reached skill level 4 in Ice Magic
  2220 | D:2      | Noticed Terence
  2228 | D:2      | Killed Terence
  2229 | D:2      | Reached XP level 3. HP: 9/27 MP: 2/9
  2680 | D:2      | Reached skill level 1 in Fighting
  3520 | D:3      | Reached XP level 4. HP: 35/35 MP: 8/10
  4308 | D:4      | Reached XP level 5. HP: 34/40 MP: 4/12
  4740 | D:4      | Reached skill level 5 in Ice Magic
  5046 | D:4      | Learned a level 3 spell: Frozen Ramparts
  5050 | D:4      | Learned a level 3 spell: Ozocubu's Armour
  5097 | D:4      | Reached XP level 6. HP: 49/49 MP: 2/13
  5938 | D:4      | Reached XP level 7. HP: 41/56 MP: 16/16
  6238 | D:4      | Learned a level 4 spell: Hailstorm
  6447 | D:4      | Shot with an arrow by a centaur

Illustrated notes

Levels and vault maps discovered:
D:1:      dpeg_arrival_arbitrary_b, layout_basic
D:2:      layout_basic, minmay_unequal, uniq_terence
D:3:      layout_basic, dreamdust_ecumenical_altar_angels_and_demons,
          grunt_ministairs_1
D:4:      lemuel_castle_with_subvaults [lemuel_castle_interior_carwin_1],
          layout_gridville, tso_metal_star, minmay_increasing_density

Skill      XL: |  1  2  3  4  5  6  7 |
---------------+----------------------+-----
Ice Magic      | 4 5 |  5.5
Spellcasting   | 2 3 4 |  4.1
Stealth        | 2 |  2.7
Fighting       | 1 2 3 |  3.0
Dodging        | 2 |  2.3
Polearms       | |  0.4
Unarmed Combat | |  0.7

Action                   |  1- 3 |  4- 6 |  7- 9 || total
-------------------------+-------+-------+-------++-------
Melee: Unarmed           |    10 |    43 |       ||    53
       Spear             |       |    41 |    46 ||    87
 Cast: Freeze            |    72 |    86 |       ||   158
       Frozen Ramparts   |       |    15 |     2 ||    17
       Ozocubu's Armour  |       |     1 |       ||     1
Armor: Robe              |     9 |    21 |     2 ||    32
Dodge: Dodged            |    30 |    93 |    18 ||   141
